 Dungeon Crawl Stone Soup version 0.27-a0-887-gcab673c142 (webtiles) character file.

Game seed: 14094848471254480909

749 rageheart7 the Skirmisher (level 7, 0/81 HPs)
             Began as a Djinni Gladiator on Apr 5, 2021.
             Slain by a white imp (3 damage)
             ... on level 5 of the Dungeon.
             The game lasted 00:05:22 (4670 turns).

rageheart7 the Skirmisher (Djinni Gladiator)        Turns: 4670, Time: 00:05:23

Health: 0/81       AC: 15    Str: 15    XL:     7   Next: 78%
Gold:   192        EV:  2    Int:  9    God:
                   SH:  0    Dex: 15

rFire    . . .     SeeInvis .   r - +2 whip (venom)
rCold    . . .     Faith    .   (no shield)
rNeg     + + +     Spirit   .   (armour currently unavailable)
rPois    ∞         Reflect  .   (helmet currently unavailable)
rElec    .         Harm     .   (cloak currently unavailable)
rCorr    .         Rampage  .   (gloves currently unavailable)
Will     .....     NoTele   +   (boots unavailable)
Stlth    +.........             (no amulet)
HPRegen  0.23/turn              (no ring)
MPRegen  0.00/turn              (no ring)

@: tree-form, corroded
A: stationary, stasis, torment immunity, boosted hp, (fire resistance 2), (cold
vulnerability 1), float, innate caster, hp casting, extra vitality 1
a: no special abilities


You were on level 5 of the Dungeon.
You were a tree.
You visited 1 branch of the dungeon, and saw 5 of its levels.

You collected 192 gold pieces.

Inventory:

Hand Weapons
 a - a +0 quarterstaff
 r - a +2 whip of venom (weapon)
Missiles
 d - 3 throwing nets
Armour
 c - a +0 helmet (melded)
 j - a +1 plate armour of poison resistance (melded)
Magical Staves
 k - a staff of fire
 o - a staff of death
Scrolls
 b - a scroll of noise {unknown}
 e - a scroll of fog {unknown}
 g - 3 scrolls of identify
 h - 2 scrolls of vulnerability
 i - 2 scrolls of teleportation
 m - a scroll of holy word {unknown}
 q - a scroll of enchant weapon {unknown}
 s - a scroll of immolation {unknown}
 u - 2 scrolls of blinking {unknown}
Potions
 f - a potion of cancellation {unknown}
 l - a potion of lignification
 n - a potion of haste {unknown}
 p - 2 potions of curing {unknown}
 t - a potion of flight {unknown}
 v - a potion of mutation {unknown}


   Skills:
 * Level 5.6 Fighting
 * Level 5.5 Staves
 - Level 1.5 Throwing
 - Level 3.2 Dodging
 + Level 2.8 Spellcasting


You had 6 spell levels left.
You knew the following spells:

 Your Spells              Type           Power      Damage    Failure   Level
a - Magic Dart            Conj           24%        1d4       10%         1
b - Poisonous Vapours     Pois/Air       12%        N/A       14%         2
c - Ensorcelled Hibernat  Hex/Ice        12%        N/A       14%         2
Your spell library was empty.

Dungeon Overview and Level Annotations

Branches:
Dungeon (5/15)             Temple (0/1) D:5

Altars:

Shops:
D:1 ?

Annotations:
D:5 Grinder


Innate Abilities, Weirdness & Mutations

You are a tree.
Your roots penetrate the ground, keeping you stationary.
You cannot be teleported.
You are immune to unholy pain and torment.
Your maximum health is greatly increased.
Your equipment is partially melded.
You are immune to poison.
((Your flesh is very heat resistant. (rF++)))
((You are vulnerable to cold. (rC-)))
You float through the air rather than walking.
You learn spells naturally, not from books.
Your magical power is your life essence.
You have superior vitality. (+4 HP)


Message History

The white imp gestures at you.
The puff of frost hits you but does no damage.
You hit the sky beast but do no damage.
The sky beast looks as sick as possible!
The sky beast is lightly wounded.
The sky beast hits you but does no damage.
You closely miss the white imp.
The sky beast hits you but does no damage.
The white imp hits you. The white imp freezes you.
You closely miss the white imp.
The sky beast hits you but does no damage.
The white imp hits you but does no damage.
You hit the white imp but do no damage.
The white imp is poisoned.
The sky beast hits you but does no damage.
The white imp gestures at you. The puff of frost hits you!
* * * LOW HITPOINT WARNING * * *
You hit the white imp but do no damage.
The sentinel's mark upon you fades away.
The sky beast hits you but does no damage.
The white imp hits you but does no damage.
You hit the sky beast.
The sky beast looks as sick as possible!
The sky beast is severely wounded.
The sky beast flickers out of sight!
Deactivating autopickup; reactivate with Ctrl-A.
Something hits you.
* * * LOW HITPOINT WARNING * * *
Something shocks you.
* * * LOW HITPOINT WARNING * * *
The white imp grinds its teeth.
The white imp hits you but does no damage.
You closely miss the white imp. Something hits you.
* * * LOW HITPOINT WARNING * * *
Something shocks you.
* * * LOW HITPOINT WARNING * * *
The white imp hits you.
* * * LOW HITPOINT WARNING * * *
The white imp freezes you.
You die...

#...#.................#.
#...#.......<.........#.
#...#............[....#.
#...#..>..............#.
#...#########.........#.
#...##......#.........#.
#.........(.#.........#.
#...........#.........##
#...##.♣....#.........+.
#...##.{5...# #.
#...#..Z....# #.
#...#.......# #.
#...##......# #
#...##.............
#...##......#......
#...##......#......
#...........# .....


You could see a white imp (very poisoned) and a howler monkey skeleton.

Vanquished Creatures
  3 black bears
  An ogre (D:4)
  A sky beast (D:5)
  A bullfrog (D:4)
  A jelly (D:5)
  A bullfrog zombie (D:5)
  A hound skeleton (D:4)
  3 gnolls (D:2)
  3 adders (D:2)
  An ufetubus (D:5)
  An adder skeleton (D:4)
  A worm (D:2)
  3 dart slugs
  An orc (D:3)
  6 ball pythons
  9 endoplasms
  3 giant cockroaches
  6 goblins
  5 hobgoblins
  10 jackals
  6 kobolds
  6 quokkas
  8 bats
  7 frilled lizards
  6 rats
94 creatures vanquished.

Notes
Turn   | Place    | Note
-------+----------+-------------------------------------------
     0 | D:1      | rageheart7 the Djinni Gladiator began the quest for the
                  | Orb.
     0 | D:1      | Reached XP level 1. HP: 18/18 MP: 0/0
    62 | D:1      | Reached XP level 2. HP: 17/23 MP: 0/0
   474 | D:1      | Found Gianegy's Magic Scroll Shop.
   527 | D:1      | Reached XP level 3. HP: 29/29 MP: 0/0
   527 | D:1      | Learned a level 1 spell: Magic Dart
  1479 | D:2      | Reached skill level 1 in Spellcasting
  1479 | D:2      | Reached XP level 4. HP: 33/35 MP: 0/0
  2268 | D:2      | Reached XP level 5. HP: 36/40 MP: 0/0
  2268 | D:2      | Learned a level 2 spell: Poisonous Vapours
  2645 | D:3      | Found a faded altar of an unknown god.
  2907 | D:4      | Noticed an ogre
  3166 | D:4      | Killed an ogre
  3167 | D:4      | Reached XP level 6. HP: 12/47 MP: 0/0
  3413 | D:4      | Noticed a black bear
  3423 | D:4      | Killed a black bear
  3797 | D:4      | Noticed a black bear
  3805 | D:4      | Killed a black bear
  3806 | D:4      | Reached skill level 5 in Fighting
  3806 | D:4      | Reached skill level 5 in Staves
  3806 | D:4      | Reached XP level 7. HP: 35/54 MP: 0/0
  3806 | D:4      | Learned a level 2 spell: Ensorcelled Hibernation
  4232 | D:5      | Entered Level 5 of the Dungeon
  4386 | D:5      | Found a staircase to the Ecumenical Temple.
  4412 | D:5      | Noticed Grinder
  4670 | D:5      | HP: 3/81 [white imp (3)]
  4670 | D:5      | Slain by a white imp

Illustrated notes

Levels and vault maps discovered:
D:1:      saegor_arrival_miasma, layout_rooms, serial_shops,
          nicolae_shop_competitors_out_of_business, st_stairs_5,
          serial_bayou_pond_c, grunt_decor_mini_mirrors
D:2:      layout_basic, st_stairs_4, minmay_hexomino_c4
D:3:      layout_rooms, basic_ecumenical_altar
D:4:      layout_basic
D:5:      layout_gridville, minmay_temple_entry_hall, serial_shops, shop,
          st_stairs_12, uniq_grinder

Skill      XL: |  1  2  3  4  5  6 |
---------------+-------------------+-----
Staves         | 3 4 5 |  5.5
Fighting       | 3 4 5 |  5.6
Spellcasting   | 1 2 |  2.8
Throwing       | |  1.5
Dodging        | |  3.2

Action                   |  1- 3 |  4- 6 |  7- 9 || total
-------------------------+-------+-------+-------++-------
Melee: Quarterstaff      |    64 |       |       ||    64
       Dagger            |    18 |   154 |       ||   172
       Whip              |       |    63 |    62 ||   125
 Cast: Magic Dart        |    16 |       |       ||    16
  Use: Scroll            |       |       |     2 ||     2
       Potion            |       |       |     1 ||     1
Armor: Leather armour    |    30 |       |       ||    30
       Plate armour      |    19 |   171 |    43 ||   233
       Skin              |       |       |    16 ||    16
Dodge: Dodged            |    65 |    36 |    15 ||   116

Table legend: (Time is in decaauts)
 A = Elapsed time spent in this place.
 B = Non-inter-level travel time spent in this place.
 C = Inter-level travel time spent in this place.
 D = Time resting spent in this place.
 E = Time spent auto-exploring this place.
 F = Levels seen in this place.
 G = Mean time per level.
                   A        B        C        D        E       F      G
               +--------+--------+--------+--------+--------+-----+--------+
         Total |   4616 |   4418 |    198 |      0 |   3804 |   5 |  923.2 |
       Dungeon |   4616 |   4418 |    198 |      0 |   3804 |   5 |  923.2 |
               +--------+--------+--------+--------+--------+-----+--------+

Top non-repeatable levels by time:
     D:4: 1310 daAuts
     D:1: 1307 daAuts
     D:2: 1090 daAuts
     D:3: 472 daAuts
     D:5: 434 daAuts
